Map: [ESL] Inside and Out

Players

Harstem

  • Race: Protoss Protoss
  • Spawn Location: 1:00

MaxPax - Winner!

  • Race: Protoss Protoss
  • Spawn Location: 7:00

Event: DreamHack SC2 Masters 2022 Atlanta (Online)

VOD

Have the link to the VOD?

Description

Time

  • Played on: Oct. 8, 2022, 10:10 a.m.
  • Length: 5:25

All games in this series

Show
View Real Time Build Order
Export as new Build Order

Harstem Protoss 

Build Orders: Cannon Rush 

Get SALT Encoding   

  12  0:00  Probe (Chrono Boost)  
  13  0:10  Probe (Chrono Boost)  
  14  0:17  Pylon  
  14  0:22  Probe  
  16  0:35  Probe  
  16  0:36  Forge  
  16  0:55  Pylon  
  16  0:59  Pylon  
  16  1:14  Photon Cannon, Pylon  
  16  1:17  Gateway  
  15  1:26  Probe  
  16  1:33  Photon Cannon  
  16  1:38  Assimilator  
  16  1:40  Probe  
  17  1:51  Photon Cannon  
  17  1:55  Probe  
  18  2:07  Cybernetics Core  
  18  2:17  Gateway  
  18  2:20  Probe  
  19  2:33  Probe  
  20  2:44  Assimilator  
  20  2:46  Stalker (Chrono Boost)  
  20  2:49  Shield Battery  
  22  3:03  Stalker (Chrono Boost)  
  23  3:10  Probe  
  25  3:16  Shield Battery, Stalker (Chrono Boost)  
  25  3:25  Assimilator  
  25  3:35  Probe  
  25  3:38  Assimilator  
  26  3:43  Shield Battery  
  26  3:47  Probe  
  27  3:59  Shield Battery, Probe  
  28  4:09  Stalker  
  30  4:11  Probe  
  31  4:20  Shield Battery  
  29  4:27  Probe  
  29  4:30  Stalker  
  32  4:33  Shield Battery  
  32  4:39  Probe  
  32  4:45  Assimilator  
  33  4:48  Stalker  
  35  4:54  Pylon  
  35  4:59  Assimilator  
  35  5:01  Probe  
Show
View Real Time Build Order
Export as new Build Order

MaxPax Protoss - Winner!

Build Orders:  

Get SALT Encoding   

  12  0:00  Probe  
  13  0:12  Probe  
  14  0:19  Pylon  
  14  0:24  Probe  
  15  0:37  Gateway, Probe (Chrono Boost)  
  16  0:47  Probe (Chrono Boost)  
  16  0:48  Assimilator  
  17  0:52  Probe (Chrono Boost)  
  18  1:03  Probe  
  19  1:15  Probe  
  20  1:23  Assimilator  
  20  1:25  Zealot (Chrono Boost), Cybernetics Core  
  20  1:27  Probe  
  23  1:37  Pylon  
  23  1:55  Probe  
  24  2:01  Adept  
  24  2:07  Stargate  
  26  2:24  Nexus  
  26  2:43  Pylon  
  26  2:48  Probe  
  31  2:54  Void Ray (Chrono Boost)  
  31  3:11  Assimilator  
  35  3:22  Void Ray (Chrono Boost), Pylon  
  35  3:24  Assimilator  
  35  3:37  Shield Battery  
  38  4:07  Void Ray  
  38  4:12  Pylon  
  38  4:18  Probe  
  37  4:31  Shield Battery  
  37  4:35  Robotics Facility  
  37  4:51  Void Ray (Chrono Boost)  
  41  5:04  Pylon  
Tags
 
Add a new tag
Caveats
  • Supply blocks, unpowered buildings, or Contaminate may cause inaccurate times.
  • Supply counts are checked every 10 seconds.